 Dungeon Crawl Stone Soup version 0.30-b1-2-g02819fbbbe (webtiles) character file.

Game seed: 7286914185481633558

2 dorian the Shield-Bearer (level 1, -3/18 HPs)
             Began as a Formicid Fighter on May 17, 2023.
             Succumbed to a kobold's poison
             ... on level 1 of the Dungeon.
             The game lasted 00:00:14 (164 turns).

dorian the Shield-Bearer (Formicid Fighter)          Turns: 164, Time: 00:00:14

Health: -3/18      AC:  6    Str: 20    XL:     1   Next: 44%
Magic:  1/1        EV:  9    Int:  7    God:
Gold:   31         SH:  5    Dex: 13    Spells: 0/0 levels left

rFire   . . .        a - +0 long sword
rCold   . . .        c - +0 buckler
rNeg    . . .        b - +0 scale mail
rPois   .            (helmet unavailable)
rElec   .            (no cloak)
rCorr   .            (no gloves)
SInv    +            (no boots)
Will    .....        (no amulet) Stlth
                     (no ring)
HPRegen 0.23/turn    (no ring)
MPRegen 0.07/turn

%: no passive effects
@: lethally poisoned (-3 -> -15)
A: permanent stasis, dig shafts and tunnels, antennae 3, four strong arms
a: Dig, Shaft Self


You were on level 1 of the Dungeon.
You visited 1 branch of the dungeon, and saw 1 of its levels.

You collected 31 gold pieces.

Inventory:

Hand Weapons
 a - a +0 long sword (weapon)
Armour
 b - a +0 scale mail (worn)
 c - a +0 buckler (worn)
Scrolls
 e - a scroll of identify {unknown}
 f - a scroll of noise {unknown}
 h - a scroll of blinking {unknown}
Potions
 d - a potion of might
 g - a potion of curing {unknown}


   Skills:
 - Level 3.2 Fighting
 * Level 2.1 Long Blades
 + Level 3.3 Armour
 + Level 4.0 Shields


You couldn't memorise any spells.
You didn't know any spells.
Your spell library contained the following spells:

 Spells                   Type           Power      Damage    Failure   Level
 Freeze                   Ice            0%         1d3       86%         1
 Frozen Ramparts          Ice            0%         1d1       99%         3
 Hailstorm                Conj/Ice       0%         3d3       99%         3


Dungeon Overview and Level Annotations

Branches:
Dungeon (1/15)

Altars:


Innate Abilities, Weirdness & Mutations

You cannot be hasted, slowed, berserked, paralysed or teleported.
You can dig through walls and to a lower floor.
You have a pair of large antennae on your head. (SInv)
Your four strong arms can wield two-handed weapons with a shield.


Message History

You closely miss the kobold.
The kobold is severely wounded.
You feel sick. The kobold closely misses you.
A kobold is nearby!
You barely miss the kobold.
The kobold is severely wounded.
You feel sick. The kobold hits you but does no damage.
You are more poisoned.
A kobold is nearby!
You hit the kobold but do no damage.
The kobold is severely wounded.
You feel very sick. The kobold closely misses you.
The kobold hits you but does no damage.
You are lethally poisoned!
There is a lethal amount of poison in your body!
You are too injured to fight recklessly!
You are too injured to fight recklessly!
There is a lethal amount of poison in your body!
You are too injured to fight recklessly!
There is a lethal amount of poison in your body!
You are too injured to fight recklessly!
You hit the kobold but do no damage.
The kobold is severely wounded.
* * * LOW HITPOINT WARNING * * *
You feel very sick. The kobold hits you but does no damage.
You closely miss the kobold.
The kobold is severely wounded.
* * * LOW HITPOINT WARNING * * *
You feel very sick. The kobold misses you.
You closely miss the kobold.
The kobold is severely wounded.
* * * LOW HITPOINT WARNING * * *
You feel sick. The kobold hits you but does no damage.
You are more poisoned.
The kobold hits you but does no damage.
You slash the kobold!
You kill the kobold!
You die...

#...........# #.#
#.....##...####.#
#.....####...##.# #
##.....# ####'##.#.# #
##.....# #.......#.#.#
#####....#.......#...#
# #....#.^......######
# #....#######........
# #....# #@#.##### #
#....# #)#.# # #....#
#.#.# ..# #####....#
#.# . #.# ....'....+
..# #. #.# #####....#
### ... #.# .........#
...#####.# ........##
....##.# ........#
##..#.##


There were no monsters in sight!

Vanquished Creatures
  2 kobolds (D:1)
  A ball python (D:1)
  A bat (D:1)
4 creatures vanquished.

Notes
Turn   | Place    | Note
-------+----------+-------------------------------------------
     0 | D:1      | dorian the Formicid Fighter began the quest for the Orb.
     0 | D:1      | Reached XP level 1. HP: 18/18 MP: 1/1
   164 | D:1      | Succumbed to a kobold's poison

Illustrated notes

Levels and vault maps discovered:
D:1:      zelgadis_glass_arrival_small, layout_basic

Action                     || total
---------------------------++-------
  Melee: Long sword        ||    23
 Armour: Scale mail        ||    16
  Dodge: Dodged            ||    11
  Block: Buckler           ||     5
